 Dungeon Crawl Stone Soup version 0.20.1-1-g8b1a95d (webtiles) character file.

1191 Gargoyl the Covered (level 8, -5/70 HPs)
             Began as a Minotaur Abyssal Knight on July 15, 2017.
             Was an Elder of Lugonu.
             Slain by an orc warrior
             ... wielding a +0 dire flail
              (7 damage)
             ... on level 6 of the Dungeon.
             The game lasted 00:09:56 (5938 turns).

Gargoyl the Covered (Minotaur Abyssal Knight)       Turns: 5938, Time: 00:09:56

Health: -5/70      AC: 11    Str: 18    XL:     8   Next: 20%
Magic:  0/10       EV:  8    Int:  9    God:    Lugonu [****..]
Gold:   415        SH:  7    Dex: 11    Spells: 7/7 levels left

rFire    . . .     SeeInvis .   a - +2 hand axe
rCold    . . .     Gourm    .   j - +3 buckler
rNeg     . . .     Faith    .   d - +0 chain mail
rPois    .         Spirit   +   (helmet restricted)
rElec    .         Reflect  .   h - scarf {Spirit}
rCorr    .         Harm     .   (no gloves)
MR       +....                  B - +0 pair of boots
Stlth    ..........             v - amulet of rage
Regen    0.3/turn               e - ring of protection from magic
MPRegen  0.2/turn               (no ring)

@: no status effects
A: retaliatory headbutt, horns 2
a: Depart the Abyss, Bend Space, Banish, Corrupt, Renounce Religion, Evoke
Berserk Rage


You were on level 6 of the Dungeon.
You worshipped Lugonu.
Lugonu was greatly pleased with you.
You were not hungry.

You visited 1 branch of the dungeon, and saw 6 of its levels.
You visited the Abyss 1 time.
You also visited: Ossuary.

You collected 415 gold pieces.

Inventory:

Hand Weapons
 a - a +2 hand axe (weapon)
Missiles
 k - 7 javelins (quivered)
 y - 5 tomahawks
Armour
 d - a +0 chain mail (worn)
 h - a scarf of spirit shield (worn)
 j - a +3 buckler (worn)
 B - a +0 pair of boots (worn)
Jewellery
 e - a ring of protection from magic (left hand)
 v - an amulet of rage (around neck)
Wands
 l - a wand of enslavement (14/24)
 r - a wand of iceblast (9/15)
 u - a wand of enslavement (1/24)
 G - a wand of random effects (21/48)
Scrolls
 f - 3 scrolls of identify
 g - 4 scrolls of teleportation
 C - 2 scrolls of remove curse
 E - a scroll of magic mapping {unknown}
Potions
 b - a potion of berserk rage
 i - a potion of magic {unknown}
 m - 2 potions of heal wounds {unknown}
 n - a potion of cancellation {unknown}
 p - 4 potions of haste {unknown}
 q - 2 potions of curing {unknown}
 s - a potion of mutation {unknown}
 w - a potion of invisibility {unknown}
 x - 2 potions of agility {unknown}
 z - 2 potions of brilliance {unknown}
 A - 2 potions of ambrosia {unknown}
 D - 3 potions of degeneration {unknown}
 F - a potion of lignification {unknown}
Comestibles
 c - 4 bread rations
 o - 3 royal jellies
 t - 2 meat rations


   Skills:
 + Level 5.8 Fighting
 + Level 6.4 Axes
 * Level 7.0 Armour
 + Level 2.1 Dodging
 + Level 2.7 Shields
 * Level 4.2 Invocations


You had 7 spell levels left.
You didn't know any spells.

Dungeon Overview and Level Annotations

Branches:
Dungeon (6/15)
 Temple: D:4-7

Altars:
Gozag
Vehumet
Xom


Innate Abilities, Weirdness & Mutations

You reflexively headbutt those who attack you in melee.
You have a pair of horns on your head.


Message History

You closely miss the orc warrior. Your headbutt misses the orc warrior.
The orc warrior is lightly wounded.
The orc warrior hits you with a dire flail!!
Your chain mail prevents you from hitting the orc warrior.
The orc warrior is lightly wounded.
The orc warrior completely misses you.
Your chain mail prevents you from hitting the orc warrior.
The orc warrior is lightly wounded.
The orc warrior hits you with a dire flail!
* * * LOW HITPOINT WARNING * * *
The orc priest looks encouraged for a moment.
Your chain mail prevents you from hitting the orc warrior.
You headbutt the orc warrior, but do no damage.
The orc warrior is lightly wounded.
The orc warrior hits you with a dire flail!
* * * LOW HITPOINT WARNING * * *
Your chain mail prevents you from hitting the orc warrior.
The orc warrior is lightly wounded.
The orc warrior hits you with a dire flail!
You die...

#.#
#....#######.#
#.... #.#
#............#
####. #.#
##...#######.#
#. #.# ##.###
#.# #. #.#
#...# #.# #.
#.#######.#
#.########.
#.......#(#
#.....[....
#######.#(#
###########
#.#@# #.#o#
###### #.#o#
#..... #.#o#
#..... #.#o.
#.....
####.##.
#..... #....#
. #.....
#.#### .#
###.## #.# #.#


You could see an orc warrior, an orc priest and 2 orcs.

Vanquished Creatures
  A phantom (D:5)
  A necrophage (D:6)
  2 centaurs
  The ghost of Galdon the Sneak, an amateur SpEn (D:3)
  A bullfrog (D:6)
  A howler monkey (D:5)
  2 human zombies (Ossuary)
  A hound (D:4)
  An orc priest (D:5)
  2 orc wizards (D:3)
  5 worker ants
  2 hound zombies (Ossuary)
  4 mummies (Ossuary)
  A hound skeleton (D:5)
  A howler monkey skeleton (D:5)
  4 gnolls (D:6)
  8 adders
  A shadow imp (D:5)
  3 oozes
  3 adder zombies (Ossuary)
  3 worms
  4 dart slugs
  6 leopard geckos
  11 orcs
  3 ball pythons
  9 bats
  3 giant cockroaches
  11 goblins
  7 hobgoblins
  23 jackals
  2 quokkas
  7 frilled lizards
  A jackal zombie (Ossuary)
  6 kobolds
  A kobold zombie (Ossuary)
  An orc zombie (Ossuary)
  A quokka skeleton (D:4)
  7 rats
  2 rat zombies (Ossuary)
153 creatures vanquished.

Notes
Turn   | Place    | Note
-------+----------+-------------------------------------------
     0 | Abyss:1  | Gargoyl the Minotaur Abyssal Knight began the quest for the Orb.
     0 | Abyss:1  | Reached XP level 1. HP: 19/19 MP: 1/1
     0 | Abyss:1  | Found a corrupted altar of Lugonu.
   112 | Abyss:1  | Noticed a tentacled starspawn
   113 | D:1      | Escaped the Abyss
   311 | D:1      | Reached XP level 2. HP: 25/27 MP: 2/2
   314 | D:1      | Found a shimmering altar of Xom.
   371 | D:1      | Reached * piety under Lugonu
   570 | D:1      | Reached skill level 3 in Armour
   605 | D:1      | Reached XP level 3. HP: 29/33 MP: 3/3
  1569 | D:2      | Reached XP level 4. HP: 36/41 MP: 2/4
  1596 | D:2      | Reached ** piety under Lugonu
  2135 | D:3      | Reached skill level 4 in Armour
  2225 | D:3      | Noticed Galdon's ghost (amateur SpEn)
  2244 | D:3      | Killed Galdon's ghost
  2244 | D:3      | Reached XP level 5. HP: 46/47 MP: 6/6
  2540 | D:3      | Reached *** piety under Lugonu
  2568 | D:3      | Reached XP level 6. HP: 44/55 MP: 4/7
  3187 | D:4      | Found a sand-covered staircase.
  3192 | Ossuary  | Entered an ossuary
  3202 | Ossuary  | Reached skill level 5 in Armour
  3218 | Ossuary  | Reached skill level 5 in Fighting
  4056 | D:4      | Found a radiant altar of Vehumet.
  4070 | D:4      | Reached skill level 5 in Axes
  4070 | D:4      | Reached XP level 7. HP: 60/61 MP: 8/8
  4394 | D:5      | Entered Level 5 of the Dungeon
  4555 | D:5      | Reached skill level 1 in Shields
  5002 | D:5      | Reached skill level 6 in Armour
  5198 | D:5      | Reached **** piety under Lugonu
  5504 | D:6      | Reached XP level 8. HP: 64/70 MP: 7/10
  5707 | D:6      | Found an opulent altar of Gozag.
  5759 | D:6      | Reached skill level 7 in Armour
  5937 | D:6      | HP: 2/70 [orc warrior/dire flail (9)]
  5938 | D:6      | Slain by an orc warrior

Skill      XL: |  1  2  3  4  5  6  7  8 |
---------------+-------------------------+-----
Invocations    | 2 3 4 |  4.2
Fighting       | 4 5 |  5.8
Armour         | 3 4 5 6 7 |  7.0
Axes           | 4 5 6 |  6.4
Shields        | 2 |  2.7
Dodging        | 2 |  2.1

Action                   |  1- 3 |  4- 6 |  7- 9 || total
-------------------------+-------+-------+-------++-------
Melee: Hand axe          |    91 |   221 |   143 ||   455
       Headbutt          |     9 |    30 |    24 ||    63
Invok: Depart the Abyss  |     1 |       |       ||     1
  Use: Scroll            |     4 |     3 |     4 ||    11
  Eat: Chunk             |     2 |     8 |     6 ||    16
Armor: Chain mail        |    58 |   145 |    59 ||   262
Dodge: Dodged            |    42 |    86 |    33 ||   161
Block: Buckler           |     5 |    65 |    51 ||   121
